 Dungeon Crawl Stone Soup version 0.31-a0-446-g07c4bd200f (webtiles) character file.

Game seed: 5201117463981653614

1593 Ethylacetat the Trooper (level 8, -8/48 HPs)
             Began as a Vine Stalker Monk on Aug 3, 2023.
             Mangled by an ogre
             ... wielding a +0 giant spiked club
              (24 damage)
             ... on level 6 of the Dungeon.
             The game lasted 00:12:02 (4468 turns).

Ethylacetat the Trooper (Vine Stalker Monk)         Turns: 4468, Time: 00:12:03

Health: -8/48      AC:  6    Str: 13    XL:     8   Next: 93%
Magic:  0/16       EV: 10    Int: 10    God:
Gold:   333        SH:  0    Dex: 20    Spells: 16/16 levels left

rFire   . . .        v - +3 dagger
rCold   . . .        c - orb {light}
rNeg    . . .        l - +0 scale mail
rPois   +            (helmet currently unavailable)
rElec   .            (cloak currently unavailable)
rCorr   .            (gloves currently unavailable)
SInv    .            (boots currently unavailable)
Will    +....        C - amulet of regeneration Stlth
                     y - ring of poison resistance
HPRegen 1.88/turn    (no ring)
MPRegen 0.15/turn

%: guardian spirit
@: mighty, beast-form, attractive, hasted, glowing, very quick
A: beast (slay +2), fangs 3, regeneration 1, magic shield, antimagic bite, no
potion heal 2, robust 1
a: Begin Untransformation


You were on level 6 of the Dungeon.
You were a hulking beast.
You visited 2 branches of the dungeon, and saw 7 of its levels.

You collected 333 gold pieces.

Inventory:

Hand Weapons
 v - a +3 dagger (weapon)
Missiles
 k - 6 poisoned darts (quivered)
 q - 5 curare-tipped darts
Armour
 c - an orb of light (worn)
 l - a +0 scale mail (worn)
Jewellery
 y - a ring of poison resistance (left hand)
 C - an amulet of regeneration (around neck)
Talismans
 x - a beast talisman (active)
Wands
 r - a wand of iceblast (19)
 t - a wand of paralysis (1)
 B - a wand of polymorph (7)
 D - a wand of quicksilver (3)
Scrolls
 a - 2 scrolls of revelation {unknown}
 g - 7 scrolls of identify {unknown}
 j - a scroll of blinking {unknown}
 m - 2 scrolls of immolation {unknown}
 n - a scroll of enchant armour {unknown}
 o - 2 scrolls of poison {unknown}
 p - a scroll of enchant weapon {unknown}
 s - a scroll of teleportation {unknown}
 u - a scroll of silence {unknown}
 w - a scroll of fear {unknown}
 A - a scroll of brand weapon {unknown}
Potions
 d - 3 potions of mutation
 e - a potion of might
 h - 2 potions of curing
 z - a potion of heal wounds {unknown}
 E - a potion of degeneration {unknown}


   Skills:
 + Level 5.7 Fighting
 - Level 2.4 Dodging
 - Level 5.0 Unarmed Combat
 + Level 4.7 Spellcasting
 + Level 4.9 Evocations
 + Level 3.1 Shapeshifting


You had 16 spell levels left.
You didn't know any spells.
Your spell library contained the following spells:

 Spells                   Type           Power      Damage    Failure   Level
 Magic Dart               Conj           8%         1d3       75%         1
 Slow                     Hex            8%         N/A       75%         1
 Call Imp                 Summ           4%         N/A       87%         2
 Poisonous Vapours        Pois/Air       4%         N/A       87%         2
 Confusing Touch          Hex            2%         N/A       98%         3
 Mephitic Cloud           Conj/Pois/Air  2%         N/A       98%         3
 Tukima's Dance           Hex            2%         N/A       98%         3
 Vampiric Draining        Necr           2%         2d6       98%         3
 Passage of Golubria      Tloc           2%         N/A       100%        4
 Freezing Cloud           Conj/Ice/Air   1%         6-21      100%        5
 Yara's Violent Unravell  Hex/Tmut       1%         3d3       100%        5


Dungeon Overview and Level Annotations

Branches:
Dungeon (6/15)             Temple (1/1) D:6

Altars:
Ashenzari
Cheibriados
Dithmenos
Elyvilon
Gozag
Hepliaklqana
Kikubaaqudgha
Makhleb
Nemelex Xobeh
Okawaru
Qazlal
Ru
Uskayaw
Xom
Yredelemnul
Zin
The Shining One

Shops:
D:2 (   D:3 (   D:4 *

Annotations:
D:3 1 runed translucent door, Kiciri's ghost, amateur DsMo


Innate Abilities, Weirdness & Mutations

You are a hulking beast.
Your limbs bulge with bestial killing power. (Slay +2)
You have razor-sharp teeth.
Your natural rate of healing is unusually fast.
When hurt, damage is shared between your health and your magic reserves.
Your bite disrupts and absorbs the magic of your enemies.
Potions cannot restore your health.
You are robust. (+10% HP)


Message History

* * * LOW HITPOINT WARNING * * *
You feel less invigorated.
You feel less confused. The orc wizard is attracted toward you.
It was a potion of haste.
You feel yourself speed up. The yak gores you!
* * * LOW HITPOINT WARNING * * *
The adder is attracted toward you.
A jelly comes into view.
The jelly quivers.
The adder bites you but does no damage.
The jelly moves out of view.
The yak is attracted toward you.
An ogre comes into view. It is wielding a +0 giant spiked club.
Found 16 gold pieces.
The ogre shouts!
The yak is attracted toward you. x3; Something is attracted toward you.
The ogre is attracted toward you. Something is attracted toward you.
The adder barely misses you. The yak is attracted toward you.
The ogre is attracted toward you. The yak is attracted toward you.
There is a stone staircase leading up here.
The yak gores you!
* * * LOW HITPOINT WARNING * * *
The ogre is attracted toward you. The yak is attracted toward you.
The orc wizard is attracted toward you. The adder is attracted toward you.
The ogre is attracted toward you.
The yak is attracted toward you. x2; The orc wizard is attracted toward you.
The yak is attracted toward you. x2
The yak is attracted toward you. The adder bites you but does no damage.
The ogre is attracted toward you. The yak is attracted toward you.
The orc wizard is attracted toward you. The yak is attracted toward you.
The yak is attracted toward you. x2
The ogre is attracted toward you. The orc wizard is attracted toward you.
The yak is attracted toward you. x2
The ogre is attracted toward you. The yak is attracted toward you.
The orc wizard is attracted toward you. Something is attracted toward you.
The yak is attracted toward you.
There is a stone staircase leading up here.
The ogre hits you with a +0 giant spiked club!!
Ouch! That really hurt!
You die...

##### ######## ....##
##.......
.....##########.....##
.....................#
≈..[.#########.......#
≈≈≈..#### #..)..).###
≈≈≈≈....#######..(......
≈≈≈≈............h...)###
≈≈≈≈.......###..O.......
≈≈≈≈.##....#....Y[...###
≈≈≈..###...#...Yo.......
≈..........#....§..#####
......##...#...§o##########
.....###...#.....YY§......#
...### #####.....§Y§......#
#### #......§§......###.


You could see 2 yaks, an ogre and an orc wizard.

Vanquished Creatures
  A yak (D:6)
  2 water moccasins
  2 black bears
  3 ogres
  A kobold brigand (D:6)
  A gnoll sergeant (D:5)
  4 scorpions
  A jelly (D:4)
  2 hounds (D:4)
  A sleepcap (D:5)
  2 orc priests (D:5)
  2 iguanas
  Ijyb (D:5)
  An orc wizard (D:4)
  3 adders
  7 gnolls
  An ufetubus (D:5)
  4 dart slugs
  7 orcs
  7 ball pythons
  2 endoplasms (D:4)
  3 giant cockroaches
  3 goblins
  4 hobgoblins
  4 jackals (D:4)
  10 kobolds
  2 quokkas
  4 bats (D:1)
  2 frilled lizards (D:3)
  3 rats (D:1)
90 creatures vanquished.

Notes
Turn   | Place    | Note
-------+----------+-------------------------------------------
     0 | D:1      | Ethylacetat the Vine Stalker Monk began the quest for the
                  | Orb.
     0 | D:1      | Reached XP level 1. HP: 11/11 MP: 2/2
   304 | D:1      | Reached XP level 2. HP: 16/16 MP: 3/3
   942 | D:2      | Reached XP level 3. HP: 15/20 MP: 2/4
  1275 | D:2      | Found Jaqidd's Antique Weapon Shop.
  1492 | D:3      | Found a runed translucent door.
  1513 | D:3      | Found Ocahaekhlu's Weapon Shop.
  1704 | D:3      | Noticed Kiciri's ghost (amateur DsMo)
  1964 | D:4      | Found Zokko's Elemental Accessories.
  2049 | D:4      | Gained mutation: Your natural rate of healing is unusually
                  | fast. [Vine Stalker growth]
  2049 | D:4      | Reached XP level 4. HP: 10/24 MP: 2/5
  2050 | D:4      | Reached skill level 1 in Evocations
  2112 | D:4      | Noticed a scorpion
  2115 | D:4      | Killed a scorpion
  2116 | D:4      | Reached skill level 1 in Spellcasting
  2116 | D:4      | Reached XP level 5. HP: 29/29 MP: 5/7
  2180 | D:4      | Noticed an ogre
  2188 | D:4      | Killed an ogre
  2219 | D:4      | Found a burning altar of Makhleb.
  2238 | D:4      | Reached XP level 6. HP: 30/33 MP: 6/9
  2353 | D:4      | Gained mutation: You are robust. (+10% HP) [potion of
                  | mutation]
  2744 | D:4      | Reached XP level 7. HP: 38/40 MP: 9/11
  3091 | D:5      | Entered Level 5 of the Dungeon
  3091 | D:5      | Found a stormy altar of Qazlal.
  3131 | D:5      | Found a sparkling altar of Nemelex Xobeh.
  3204 | D:5      | Found a broken altar of Ashenzari.
  3451 | D:5      | Reached skill level 1 in Shapeshifting
  3458 | D:5      | Reached skill level 5 in Unarmed Combat
  3638 | D:5      | Gained mutation: You have razor-sharp teeth. [Vine Stalker
                  | growth]
  3638 | D:5      | Reached XP level 8. HP: 25/46 MP: 7/14
  3796 | D:5      | Noticed Ijyb
  3803 | D:5      | Killed Ijyb
  3913 | D:5      | Reached skill level 5 in Fighting
  4245 | D:6      | Found a staircase to the Ecumenical Temple.
  4328 | Temple   | Entered the Ecumenical Temple
  4435 | D:6      | Noticed a yak
  4442 | D:6      | Noticed a yak
  4444 | D:6      | Noticed a yak
  4446 | D:6      | Killed a yak
  4446 | D:6      | Noticed a yak
  4448 | D:6      | Noticed a yak
  4449 | D:6      | Noticed a yak
  4468 | D:6      | Mangled by an ogre

Illustrated notes

Levels and vault maps discovered:
D:1:      dpeg_arrival_rooms_a, layout_basic, chequers_serial_rivers_large_a
D:2:      layout_rooms, serial_shops, nicolae_shop_tiny_real_fake_doors
D:3:      layout_rooms, serial_shops, shop, hellmonk_ghost_happy_afterlife,
          minmay_pentomino_pile
D:4:      layout_basic, kennysheep_mini_moat, serial_bayou_pond_e,
          nicolae_elemental_shop
D:5:      layout_loops_corners, mainiacjoe_overflow_chevrons,
          nemelex_xobeh_ov_fountains_minmay, kennysheep_mini, uniq_ijyb
D:6:      layout_rooms, minmay_overflow_temple_star_quad, temple_pool_b
Temple:   nicolae_temple_bog_church

Skill      XL: |  1  2  3  4  5  6  7  8 |
---------------+-------------------------+-----
Fighting       | 3 4 5 |  5.7
Unarmed Combat | 4 5 |  5.0
Evocations     | 1 2 3 4 |  4.9
Spellcasting   | 1 2 3 4 |  4.7
Shapeshifting  | 1 3 |  3.1
Dodging        | |  2.4

Action                     |  1- 3 |  4- 6 |  7- 9 || total
---------------------------+-------+-------+-------++-------
  Melee: Unarmed           |    93 |     1 |       ||    94
         Bite              |    28 |    22 |    57 ||   107
         Dagger            |       |    60 |   141 ||   201
  Throw: Dart              |       |     6 |     4 ||    10
  Evoke: Wand              |       |     3 |     4 ||     7
    Use: Potion            |       |     2 |     4 ||     6
   Stab: Sleeping          |     1 |       |       ||     1
         Paralysed         |       |       |     5 ||     5
 Armour: Robe              |     9 |       |       ||     9
         Scale mail        |    14 |    18 |    58 ||    90
  Dodge: Dodged            |    48 |    30 |    91 ||   169
   Form: Beast             |       |       |     1 ||     1

Table legend: (Time is in decaauts)
 A = Elapsed time spent in this place.
 B = Non-inter-level travel time spent in this place.
 C = Inter-level travel time spent in this place.
 D = Time resting spent in this place.
 E = Time spent auto-exploring this place.
 F = Levels seen in this place.
 G = Mean time per level.
                   A        B        C        D        E       F      G
               +--------+--------+--------+--------+--------+-----+--------+
         Total |   4468 |   4326 |    142 |      0 |   3582 |   7 |  638.3 |
       Dungeon |   4466 |   4324 |    142 |      0 |   3582 |   6 |  744.3 |
        Temple |      1 |      1 |      0 |      0 |      0 |   1 |    1.0 |
               +--------+--------+--------+--------+--------+-----+--------+

Top non-repeatable levels by time:
     D:4: 1194 daAuts
     D:5: 1075 daAuts
     D:1: 938 daAuts
     D:2: 492 daAuts
     D:3: 469 daAuts
     D:6: 296 daAuts
  Temple: 1 daAuts
